| TOP OF THE 1ST |
|
Fresno State University Bulldogs batting - Pitching for Rice University Owls : RHP Ben Filippone
|
|
Pitching: RHP Ben Filippone
|
|
|
Batting: LHB Moktar Ame
|
0-0: Swinging Strike 0-1: Foul Ball, location: 2F 0-2: Strikes out swinging
|
|
Batting: RHB Sandy Munoz
|
0-0: Called Strike 0-1: SINGLE (Groundball, 34D, EV 100.0 MPH)
|
|
Batting: SHB Carlton Stannard
|
0-0: Ball 1-0: Called Strike 1-1: Foul Ball, location: 2F 1-2: Ball 2-2: DOUBLE (Line Drive, 7LS, EV 93.8 MPH) Sandy Munoz to third
|
|
Batting: RHB Danilo Baldia
|
0-0: Ball 1-0: Foul Ball, location: 2F 1-1: Ball 2-1: Ball Wild Pitch! Sandy Munoz scores Carlton Stannard to third 3-1: Base on Balls
|
|
Batting: LHB Ollie Strauss
|
0-0: Ball 1-0: Ground out 5-3 (Groundball, 5S, EV 75.0 MPH) Carlton Stannard scores Danilo Baldia to second
|
|
Batting: RHB Tony Nowak
|
0-0: Ball 1-0: Fly out, F3 (Popup, 3S, EV 72.5 MPH)
|
| Top of the 1st over - 2 runs, 2 hits, 0 errors, 1 left on base; Fresno State University 2 - Rice University 0 |
| BOTTOM OF THE 1ST |
|
Rice University Owls batting - Pitching for Fresno State University Bulldogs : RHP Melvin Palacios
|
|
Pitching: RHP Melvin Palacios
|
|
|
Batting: RHB Caleb Mercer
|
0-0: Ball 1-0: Ball 2-0: Ball 3-0: Base on Balls
|
|
Batting: RHB Javier Quinones
|
0-0: Fly out, F7 (Flyball, 7, EV 90.6 MPH)
|
|
Batting: RHB Jose Soto
|
0-0: Called Strike Caleb Mercer steals 2nd base (no throw) 0-1: Ball 1-1: Ball 2-1: Ground out 6-3 (Groundball, 6, EV 90.6 MPH) Caleb Mercer to third
|
|
Batting: SHB Ken Wilson
|
0-0: Swinging Strike 0-1: Ball 1-1: Fly out, F6 (Popup, 6, EV 68.8 MPH)
|
| Bottom of the 1st over - 0 runs, 0 hits, 0 errors, 1 left on base; Fresno State University 2 - Rice University 0 |
| TOP OF THE 2ND |
|
Fresno State University Bulldogs batting - Pitching for Rice University Owls : RHP Ben Filippone
|
|
Batting: RHB Sinfronio Carreon
|
0-0: Called Strike 0-1: Ball 1-1: Swinging Strike 1-2: Ball 2-2: Ground out 1-3 (Groundball, 34S, EV 68.1 MPH)
|
|
Batting: RHB Greg Meyer
|
0-0: Called Strike 0-1: SINGLE (Groundball, 56, EV 104.4 MPH) (infield hit)
|
|
Batting: RHB Victor Rangel
|
0-0: Ball 1-0: Foul Ball, location: 2F 1-1: Called Strike 1-2: Ball 2-2: Ball 3-2: Foul Ball, location: 2F 3-2: Foul Ball, location: 2F 3-2: Base on Balls Greg Meyer to second
|
|
Batting: LHB Moktar Ame
|
0-0: Called Strike 0-1: DOUBLE (Groundball, 5L, EV 95.0 MPH) Greg Meyer scores Victor Rangel to third
|
|
Batting: RHB Sandy Munoz
|
0-0: Called Strike 0-1: Ball 1-1: Swinging Strike 1-2: Ball 2-2: Ball 3-2: Foul Ball, location: 2F 3-2: Fly out, F8 (Line Drive, 8RM, EV 91.2 MPH) Runner from 3rd tags up, SCORES, throw by CF
|
|
Batting: SHB Carlton Stannard
|
0-0: Ball 1-0: Called Strike 1-1: Ball 2-1: Ball 3-1: Swinging Strike 3-2: Foul Ball, location: 2F 3-2: 2-RUN HOME RUN (Flyball, 78XD, EV 108.8 MPH), Distance : 434 ft
|
|
Batting: RHB Danilo Baldia
|
0-0: Ball 1-0: Foul Ball, location: 2F 1-1: Foul Ball, location: 2F 1-2: Strikes out swinging
|
| Top of the 2nd over - 4 runs, 3 hits, 0 errors, 0 left on base; Fresno State University 6 - Rice University 0 |
| BOTTOM OF THE 2ND |
|
Rice University Owls batting - Pitching for Fresno State University Bulldogs : RHP Melvin Palacios
|
|
Batting: LHB Chris Gonzales
|
0-0: Ball 1-0: Fly out, F9 (Flyball, 89M, EV 92.5 MPH)
|
|
Batting: RHB Bill Turcotte
|
0-0: Called Strike 0-1: Ball 1-1: Fly out, F3 (Flyball, 3D, EV 88.8 MPH)
|
|
Batting: SHB Wendel van Baal
|
0-0: Ball 1-0: DOUBLE (Flyball, 78D, EV 91.9 MPH)
|
|
Batting: RHB Allen Jarvis
|
0-0: Called Strike 0-1: Fly out, F8 (Flyball, 8LD, EV 79.4 MPH)
|
| Bottom of the 2nd over - 0 runs, 1 hit, 0 errors, 1 left on base; Fresno State University 6 - Rice University 0 |
| TOP OF THE 3RD |
|
Fresno State University Bulldogs batting - Pitching for Rice University Owls : RHP Ben Filippone
|
|
Batting: LHB Ollie Strauss
|
0-0: Called Strike 0-1: Ball 1-1: Called Strike 1-2: Ball 2-2: Ball 3-2: Foul Ball, location: 2F 3-2: Foul Ball, location: 2F 3-2: Ground out 6-3 (Groundball, P, EV 91.2 MPH)
|
|
Batting: RHB Tony Nowak
|
0-0: Ball 1-0: Ball 2-0: Called Strike 2-1: Foul Ball, location: 2F 2-2: Fly out, F8 (Flyball, 8LD, EV 92.5 MPH)
|
|
Batting: RHB Sinfronio Carreon
|
0-0: SINGLE (Line Drive, 5L, EV 95.6 MPH)
|
|
Pitching: RHP Bill Lightheart
|
|
|
Batting: RHB Greg Meyer
|
0-0: Ball 1-0: Foul Ball, location: 2F 1-1: Called Strike Sinfronio Carreon steals 2nd base 1-2: Ball 2-2: Strikes out looking
|
| Top of the 3rd over - 0 runs, 1 hit, 0 errors, 1 left on base; Fresno State University 6 - Rice University 0 |
| BOTTOM OF THE 3RD |
|
Rice University Owls batting - Pitching for Fresno State University Bulldogs : RHP Melvin Palacios
|
|
Batting: RHB Emanuel Pulido
|
0-0: Ball 1-0: Foul Ball, location: 2F 1-1: Foul Ball, location: 2F 1-2: Fly out, F7 (Line Drive, 7, EV 85.6 MPH)
|
|
Batting: RHB Caleb Mercer
|
0-0: Ball 1-0: Called Strike 1-1: Ball 2-1: Called Strike 2-2: Ground out 6-3 (Groundball, 56, EV 79.4 MPH)
|
|
Batting: RHB Javier Quinones
|
0-0: Swinging Strike 0-1: Ball 1-1: Ball 2-1: Fly out, F8 (Flyball, 78D, EV 92.5 MPH)
|
| Bottom of the 3rd over - 0 runs, 0 hits, 0 errors, 0 left on base; Fresno State University 6 - Rice University 0 |
| TOP OF THE 4TH |
|
Fresno State University Bulldogs batting - Pitching for Rice University Owls : RHP Bill Lightheart
|
|
Batting: RHB Victor Rangel
|
0-0: Called Strike 0-1: Ball 1-1: Called Strike 1-2: Ball 2-2: Strikes out swinging
|
|
Batting: LHB Moktar Ame
|
0-0: SINGLE (Flyball, 34D, EV 83.8 MPH)
|
|
Batting: RHB Sandy Munoz
|
0-0: Ball Moktar Ame steals 2nd, throwing error, E2 Moktar Ame to third 1-0: Called Strike 1-1: Ball 2-1: Foul Ball, location: 2F 2-2: Ball 3-2: Ground out U3 (Groundball, 34, EV 80.0 MPH) Moktar Ame scores
|
|
Batting: SHB Carlton Stannard
|
0-0: Called Strike 0-1: Foul Ball, location: 2F 0-2: Foul Ball, location: 2F 0-2: Ball 1-2: Fly out, F3 (Popup, 34, EV 73.1 MPH)
|
| Top of the 4th over - 1 run, 1 hit, 1 error, 0 left on base; Fresno State University 7 - Rice University 0 |
| BOTTOM OF THE 4TH |
|
Rice University Owls batting - Pitching for Fresno State University Bulldogs : RHP Melvin Palacios
|
|
Batting: RHB Jose Soto
|
0-0: Ball 1-0: DOUBLE (Line Drive, 89D, EV 100.0 MPH)
|
|
Batting: SHB Ken Wilson
|
0-0: Fly out, F8 (Flyball, 8LM, EV 91.9 MPH)
|
|
Batting: LHB Chris Gonzales
|
0-0: Ball 1-0: Foul Ball, location: 2F 1-1: Called Strike 1-2: Ball 2-2: Fly out, F9 (Flyball, 9LM, EV 95.6 MPH)
|
|
Batting: RHB Bill Turcotte
|
0-0: Foul Ball, location: 2F 0-1: Foul Ball, location: 2F 0-2: Ball 1-2: Strikes out swinging
|
| Bottom of the 4th over - 0 runs, 1 hit, 0 errors, 1 left on base; Fresno State University 7 - Rice University 0 |
| TOP OF THE 5TH |
|
Fresno State University Bulldogs batting - Pitching for Rice University Owls : RHP Bill Lightheart
|
|
Batting: RHB Danilo Baldia
|
0-0: Fly out, F8 (Line Drive, 8RD, EV 107.5 MPH)
|
|
Batting: LHB Ollie Strauss
|
0-0: Ball 1-0: Ball 2-0: Called Strike 2-1: Fly out, F5 (Popup, 5L, EV 75.6 MPH)
|
|
Pitching: RHP Michael Benford
|
|
|
Batting: RHB Tony Nowak
|
0-0: Ball 1-0: Ball 2-0: Foul Ball, location: 2F 2-1: Foul Ball, location: 2F 2-2: Strikes out swinging
|
| Top of the 5th over - 0 runs, 0 hits, 0 errors, 0 left on base; Fresno State University 7 - Rice University 0 |
| BOTTOM OF THE 5TH |
|
Rice University Owls batting - Pitching for Fresno State University Bulldogs : RHP Melvin Palacios
|
|
Batting: SHB Wendel van Baal
|
0-0: Swinging Strike 0-1: Swinging Strike 0-2: Ball 1-2: Reached on error, E6 (Groundball, 6, EV 88.1 MPH)
|
|
Batting: RHB Allen Jarvis
|
0-0: Swinging Strike 0-1: Fly out, F8 (Flyball, 78M, EV 93.1 MPH)
|
|
Batting: RHB Emanuel Pulido
|
0-0: Ball Wendel van Baal steals 2nd base 1-0: Ball 2-0: Called Strike 2-1: Ground out 6-3 (Groundball, 6, EV 86.2 MPH)
|
|
Batting: RHB Caleb Mercer
|
0-0: SINGLE (Groundball, 5D, EV 97.5 MPH) Wendel van Baal to third Runner from 3rd tries for Home, SAFE, throw by LF to home
|
|
Batting: RHB Javier Quinones
|
0-0: Called Strike Caleb Mercer steals 2nd base (no throw) 0-1: Foul Ball, location: 2F 0-2: Fly out, F8 (Line Drive, 8RM, EV 90.0 MPH)
|
| Bottom of the 5th over - 1 run, 1 hit, 1 error, 1 left on base; Fresno State University 7 - Rice University 1 |
| TOP OF THE 6TH |
|
Fresno State University Bulldogs batting - Pitching for Rice University Owls : RHP Michael Benford
|
|
Batting: RHB Sinfronio Carreon
|
0-0: Called Strike 0-1: Ball 1-1: Ball 2-1: Swinging Strike 2-2: Ball 3-2: Base on Balls
|
|
Batting: RHB Greg Meyer
|
0-0: Ball Sinfronio Carreon steals 2nd base (no throw) 1-0: Foul Ball, location: 2F 1-1: Ball 2-1: Called Strike 2-2: Ball 3-2: Foul Ball, location: 2F 3-2: Strikes out swinging
|
|
Batting: RHB Victor Rangel
|
0-0: Ball 1-0: Called Strike 1-1: Called Strike 1-2: Strikes out swinging
|
|
Pitching: LHP Shan Ping
|
|
|
Batting: LHB Moktar Ame
|
0-0: Foul Ball, location: 2F 0-1: Foul Ball, location: 2F 0-2: Fly out, F3 (Popup, 23F, EV 87.5 MPH)
|
| Top of the 6th over - 0 runs, 0 hits, 0 errors, 1 left on base; Fresno State University 7 - Rice University 1 |
| BOTTOM OF THE 6TH |
|
Rice University Owls batting - Pitching for Fresno State University Bulldogs : RHP Melvin Palacios
|
|
Batting: RHB Jose Soto
|
0-0: Fly out, F9 (Flyball, 9D, EV 108.1 MPH)
|
|
Batting: SHB Ken Wilson
|
0-0: Ball 1-0: Foul Ball, location: 2F 1-1: Ball 2-1: Ball 3-1: Ground out 1-3 (Groundball, 15S, EV 65.6 MPH)
|
|
Batting: LHB Chris Gonzales
|
0-0: Ball 1-0: Swinging Strike 1-1: Foul Ball, location: 2F 1-2: Ball 2-2: Ball 3-2: Fly out, F9 (Flyball, 89M, EV 86.2 MPH)
|
| Bottom of the 6th over - 0 runs, 0 hits, 0 errors, 0 left on base; Fresno State University 7 - Rice University 1 |
| TOP OF THE 7TH |
|
Fresno State University Bulldogs batting - Pitching for Rice University Owls : LHP Shan Ping
|
|
Pitching: LHP Joe Fleury
|
|
|
Batting: RHB Sandy Munoz
|
0-0: Called Strike 0-1: Ball 1-1: Swinging Strike 1-2: Foul Ball, location: 2F 1-2: Strikes out swinging
|
|
Batting: SHB Carlton Stannard
|
0-0: Called Strike 0-1: Foul Ball, location: 2F 0-2: Strikes out looking
|
|
Batting: RHB Danilo Baldia
|
0-0: Ball 1-0: Called Strike 1-1: Ball 2-1: Called Strike 2-2: Ball 3-2: Ground out 6-3 (Groundball, 6, EV 106.2 MPH)
|
| Top of the 7th over - 0 runs, 0 hits, 0 errors, 0 left on base; Fresno State University 7 - Rice University 1 |
| BOTTOM OF THE 7TH |
|
Rice University Owls batting - Pitching for Fresno State University Bulldogs : RHP Melvin Palacios
|
|
Batting: RHB Bill Turcotte
|
0-0: Ball 1-0: Fly out, F9 (Flyball, 9, EV 90.6 MPH)
|
|
Batting: SHB Wendel van Baal
|
0-0: Ball 1-0: SINGLE (Flyball, 9LS, EV 95.0 MPH)
|
|
Batting: RHB Allen Jarvis
|
0-0: Ball 1-0: Ball 2-0: Called Strike 2-1: Fly out, F8 (Flyball, 8LM, EV 86.9 MPH)
|
|
Batting: RHB Emanuel Pulido
|
0-0: Called Strike 0-1: Ball 1-1: Foul Ball, location: 2F 1-2: Foul Ball, location: 2F 1-2: Ground out 5-3 (Groundball, 56S, EV 83.1 MPH)
|
| Bottom of the 7th over - 0 runs, 1 hit, 0 errors, 1 left on base; Fresno State University 7 - Rice University 1 |
| TOP OF THE 8TH |
|
Fresno State University Bulldogs batting - Pitching for Rice University Owls : LHP Joe Fleury
|
|
Pitching: RHP Manny Herrera
|
|
|
Batting: LHB Ollie Strauss
|
0-0: Ball 1-0: Fly out, F8 (Flyball, 8LXD, EV 87.5 MPH)
|
|
Batting: RHB Tony Nowak
|
0-0: Ball 1-0: Ball 2-0: Ball 3-0: Base on Balls
|
|
Batting: RHB Sinfronio Carreon
|
0-0: Ball 1-0: DOUBLE (Line Drive, 78D, EV 106.9 MPH) Tony Nowak to third Runner from 3rd tries for Home, SAFE, throw by CF to home
|
|
Batting: RHB Greg Meyer
|
0-0: Called Strike 0-1: Swinging Strike 0-2: Ground out 1-3 (Groundball, 13, EV 65.0 MPH) Sinfronio Carreon to third
|
|
Batting: RHB Victor Rangel
|
0-0: Ball 1-0: Ball 2-0: Foul Ball, location: 2F 2-1: Foul Ball, location: 2F 2-2: Foul Ball, location: 2F 2-2: Ball 3-2: Foul Ball, location: 2F 3-2: Foul Ball, location: 2F 3-2: Strikes out swinging
|
| Top of the 8th over - 1 run, 1 hit, 0 errors, 1 left on base; Fresno State University 8 - Rice University 1 |
| BOTTOM OF THE 8TH |
|
Rice University Owls batting - Pitching for Fresno State University Bulldogs : RHP Melvin Palacios
|
|
Pitching: RHP Mike Curtis
|
|
|
Batting: RHB Caleb Mercer
|
0-0: Ground out 6-3 (Groundball, 6D, EV 103.8 MPH)
|
|
Batting: RHB Javier Quinones
|
0-0: Ball 1-0: Called Strike 1-1: Foul Ball, location: 2F 1-2: Ball 2-2: Ground out 6-3 (Groundball, P, EV 81.9 MPH)
|
|
Batting: RHB Jose Soto
|
0-0: Ball 1-0: Swinging Strike 1-1: Foul Ball, location: 2F 1-2: Strikes out swinging
|
| Bottom of the 8th over - 0 runs, 0 hits, 0 errors, 0 left on base; Fresno State University 8 - Rice University 1 |
| TOP OF THE 9TH |
|
Fresno State University Bulldogs batting - Pitching for Rice University Owls : RHP Manny Herrera
|
|
Batting: LHB Moktar Ame
|
0-0: Called Strike 0-1: Ball 1-1: Ball 2-1: Fly out, F9 (Flyball, 89M, EV 80.0 MPH)
|
|
Batting: RHB Sandy Munoz
|
0-0: Ball 1-0: Called Strike 1-1: Swinging Strike 1-2: Ball 2-2: Ball 3-2: Fly out, F8 (Flyball, 89D, EV 85.0 MPH)
|
|
Batting: SHB Carlton Stannard
|
0-0: Ball 1-0: Fly out, F7 (Line Drive, 78M, EV 91.2 MPH)
|
| Top of the 9th over - 0 runs, 0 hits, 0 errors, 0 left on base; Fresno State University 8 - Rice University 1 |
| BOTTOM OF THE 9TH |
|
Rice University Owls batting - Pitching for Fresno State University Bulldogs : RHP Mike Curtis
|
|
Batting: SHB Ken Wilson
|
0-0: Called Strike 0-1: Ball 1-1: Ball 2-1: Ball 3-1: Fly out, F8 (Flyball, 8LD, EV 96.2 MPH)
|
|
Batting: LHB Chris Gonzales
|
0-0: Called Strike 0-1: Ball 1-1: Called Strike 1-2: Ball 2-2: Ball 3-2: Fly out, F8 (Line Drive, 78M, EV 106.9 MPH)
|
|
Batting: RHB Bill Turcotte
|
0-0: Ball 1-0: Ground out 5-3 (Groundball, 56, EV 101.2 MPH)
|
| Bottom of the 9th over - 0 runs, 0 hits, 0 errors, 0 left on base; Fresno State University 8 - Rice University 1 |
|